 Dungeon Crawl Stone Soup version 0.29-a0-271-gd4eb659eea (webtiles) character file.

Game seed: 5909461121865564083

1516 Leszczynek the Skirmisher (level 9, -16/61 HPs)
             Began as a Djinni Monk on Mar 8, 2022.
             Was a Priest of Okawaru.
             Demolished by a cyclops (26 damage)
             ... on level 7 of the Dungeon.
             The game lasted 00:29:01 (3294 turns).

Leszczynek the Skirmisher (Djinni Monk)             Turns: 3294, Time: 00:29:02

Health: -16/61     AC:  6    Str: 14    XL:     9   Next: 9%
Gold:   221        EV: 12    Int: 13    God:    Okawaru [***...] SH:  0 Dex: 15

rFire   + + .      SeeInvis .   c - +2 dagger (venom)
rCold   . . .      Faith    .   (no shield)
rNeg    . . .      Spirit   .   d - +0 ring mail
rPois   ∞          Reflect  .   (no helmet)
rElec   .          Harm     .   g - +0 cloak
rCorr   .          Rampage  .   (no gloves)
Will    .....                   (boots unavailable)
Stlth   +.........              (no amulet)
HPRegen 0.20/turn               q - ring of protection from cold
MPRegen 0.00/turn               (no ring)

@: flying
A: sickness immunity, fire resistance 2, cold vulnerability 1, float, innate
caster, HP casting, extra vitality 1, frail 1, wild magic 2
a: Renounce Religion, Heroism


You were on level 7 of the Dungeon.
You worshipped Okawaru.
Okawaru was most pleased with you.
You visited 1 branch of the dungeon, and saw 7 of its levels.
You also visited: Sewer.

You collected 221 gold pieces.

Inventory:

Hand Weapons
 c - a +2 dagger of venom (weapon)
 e - a +0 glaive
 f - a +3 dagger
 m - a +0 long sword
 x - a +0 hunting sling
Missiles
 p - 3 boomerangs (quivered)
Armour
 a - a +0 robe
 d - a +0 ring mail (worn)
 g - a +0 cloak (worn)
Jewellery
 q - a ring of protection from cold (left hand)
Scrolls
 h - a scroll of immolation {unknown}
 j - 3 scrolls of teleportation
 o - a scroll of acquirement {unknown}
 r - a scroll of vulnerability {unknown}
Potions
 b - a potion of lignification {unknown}
 i - 2 potions of might
 k - a potion of degeneration {unknown}
 l - a potion of curing {unknown}
 n - 2 potions of cancellation


   Skills:
 - Level 7.0 Fighting
 + Level 6.5 Long Blades
 - Level 4.0 Dodging
 - Level 1.5 Stealth
 - Level 5.1 Unarmed Combat


You couldn't memorise any spells.
You knew the following spells:

 Your Spells              Type           Power      Damage    Failure   Level
a - Magic Dart            Conj           0%         1d3       71%         1
b - Scorch                Fire           0%         2d5       82%         2
c - Petrify               Tmut/Erth      0%         N/A       100%        4
B - Blink                 Tloc           0%         N/A       82%         2
Your spell library was empty.

Dungeon Overview and Level Annotations

Branches:
Dungeon (7/15)             Temple (0/1) D:5           Sewer (visited)

Altars:
Hepliaklqana
Okawaru


Innate Abilities, Weirdness & Mutations

You are immune to sickness and miasma.
You are immune to poison.
Your flesh is very heat resistant. (rF++)
You are vulnerable to cold. (rC-)
You float through the air rather than walking.
You learn spells naturally, not from books.
Your magical power is your life essence.
You have superior vitality. (+4 MHP)
You are frail. (-10% HP)
Your spells are harder to cast, but more powerful.


Message History

You punch the cyclops, but do no damage.
You hit the cyclops.
The cyclops is lightly wounded.
The cyclops hits you.
You hit the cyclops but do no damage.
The cyclops looks even sicker.
The cyclops is lightly wounded.
You hit the cyclops but do no damage.
The cyclops looks as sick as possible!
Your punch misses the cyclops.
The cyclops is lightly wounded.
You barely miss the cyclops. You punch the cyclops!
The cyclops is moderately wounded.
The cyclops barely misses you.
You hit the cyclops but do no damage.
The cyclops looks as sick as possible!
The cyclops is moderately wounded.
You hit the cyclops.
The cyclops looks as sick as possible!
The cyclops is moderately wounded.
The cyclops hits you!!
You hit the cyclops but do no damage.
The cyclops looks as sick as possible!
The cyclops is heavily wounded.
You hit the cyclops but do no damage.
The cyclops looks as sick as possible!
The cyclops is heavily wounded.
You hit the cyclops but do no damage.
The cyclops looks as sick as possible!
The cyclops is heavily wounded.
The cyclops hits you!
You hit the cyclops.
The cyclops looks as sick as possible!
The cyclops is severely wounded.
You hit the cyclops but do no damage.
The cyclops looks as sick as possible!
You punch the cyclops, but do no damage.
The cyclops is severely wounded.
The cyclops hits you!
* * * LOW HITPOINT WARNING * * *
You hit the cyclops.
The cyclops looks as sick as possible!
The cyclops is severely wounded.
You barely miss the cyclops.
The cyclops is severely wounded.
You hit the cyclops.
The cyclops looks as sick as possible!
The cyclops is severely wounded.
You feel like a meek peon again. The cyclops hits you!!
You die...

. ..##......#.......#
. ..#.....##.......# .
.......##.......#
#..............#
#.............# .
#.............# #.##
#............)#
.C...###..####..##...#
.......#@.####'###...#
.......C..#......#...#
..........#......#...#
..........#......#...#
..........#.....######
..........#.....#
#################


You could see a cyclops (extremely poisoned).

Vanquished Creatures
  A water moccasin (D:6)
  An ice beast (D:6)
  A sky beast (D:6)
  3 ogres
  A necrophage (D:6)
  A bullfrog (D:6)
  2 scorpions
  5 killer bees (D:4)
  An orc priest (D:5)
  2 hounds
  A jelly (D:6)
  An iguana (D:6)
  5 orc wizards
  3 gnolls
  10 adders
  2 river rats
  An ufetubus (D:4)
  A worm (D:4)
  A dart slug (D:1)
  8 orcs
  2 bats
  11 endoplasms
  8 giant cockroaches
  7 goblins
  3 hobgoblins
  8 jackals
  5 ball pythons
  4 frilled lizards
  5 kobolds
  6 rats
110 creatures vanquished.

Notes
Turn   | Place    | Note
-------+----------+-------------------------------------------
     0 | D:1      | Leszczynek the Djinni Monk began the quest for the Orb.
     0 | D:1      | Reached XP level 1. HP: 20/20 MP: 0/0
   127 | D:1      | Reached XP level 2. HP: 25/25 MP: 0/0
   410 | D:1      | Reached XP level 3. HP: 29/30 MP: 0/0
   410 | D:1      | Learned a level 1 spell: Magic Dart
   500 | D:2      | Reached skill level 4 in Unarmed Combat
   698 | D:3      | Reached XP level 4. HP: 33/35 MP: 0/0
   881 | D:4      | Noticed a scorpion
   890 | D:4      | Killed a scorpion
   891 | D:4      | Reached skill level 4 in Fighting
   891 | D:4      | Reached XP level 5. HP: 31/42 MP: 0/0
   891 | D:4      | Learned a level 2 spell: Scorch
  1095 | D:4      | Reached skill level 5 in Fighting
  1194 | D:4      | Noticed an ogre
  1204 | D:4      | Killed an ogre
  1205 | D:4      | Reached XP level 6. HP: 39/50 MP: 0/0
  1268 | D:4      | it's very distant EVERYWHERE
  1268 | D:4      | how the fuck am i supposed to find it
  1329 | D:4      | Reached skill level 6 in Fighting
  1348 | D:4      | Found a glowing drain.
  1361 | Sewer    | Entered a sewer
  1469 | Sewer    | Gained mutation: Your spells are a little harder to cast,
                  | but a little more powerful. [potion of mutation]
  1469 | Sewer    | Gained mutation: You are frail. (-10% HP) [potion of
                  | mutation]
  1469 | Sewer    | Gained mutation: Your spells are harder to cast, but more
                  | powerful. [potion of mutation]
  1481 | Sewer    | you can change weapons while berserk?
  1581 | D:4      | Reached XP level 7. HP: 26/51 MP: 0/0
  1581 | D:4      | Learned a level 2 spell: Blink
  1590 | D:4      | Reached skill level 7 in Fighting
  1655 | D:5      | Entered Level 5 of the Dungeon
  1668 | D:5      | Reached skill level 4 in Dodging
  1668 | D:5      | Reached skill level 5 in Unarmed Combat
  1803 | D:5      | Found an iron altar of Okawaru.
  1805 | D:5      | hm
  1805 | D:5      | actually why am i playing uc
  1805 | D:5      | ex dee
  1845 | D:5      | Reached skill level 1 in Long Blades
  1877 | D:5      | Became a worshipper of Warmaster Okawaru
  1877 | D:5      | Reached * piety under Okawaru
  1877 | D:5      | Reached ** piety under Okawaru
  1921 | D:5      | Reached skill level 2 in Long Blades
  1921 | D:5      | Reached XP level 8. HP: 35/57 MP: 0/0
  1955 | D:5      | elec war axe, cool
  2152 | D:5      | Found a staircase to the Ecumenical Temple.
  2224 | D:6      | Reached skill level 3 in Long Blades
  2312 | D:6      | Reached skill level 4 in Long Blades
  2554 | D:6      | HP: 10/57 [water moccasin (6)]
  2556 | D:6      | Reached skill level 5 in Long Blades
  3049 | D:6      | Reached skill level 6 in Long Blades
  3083 | D:7      | Reached XP level 9. HP: 52/61 MP: 0/0
  3083 | D:7      | Learned a level 4 spell: Petrify
  3198 | D:7      | Reached *** piety under Okawaru
  3219 | D:7      | Found a hazy altar of Hepliaklqana.
  3271 | D:7      | Noticed a cyclops
  3272 | D:7      | >
  3272 | D:7      | i'm going to try
  3272 | D:7      | XD
  3291 | D:7      | HP: 10/61 [cyclops (10)]
  3294 | D:7      | Demolished by a cyclops

Illustrated notes

############ ## ##
########........... .# #.####
.........##.#####.#######.#.
....
#######.........#.##.......#
#### #
###.###.###.#.##.#####.######
#
#......#....@...............#
#
#.#.###.###..............##.#
# #...(............###.#.#.#
# #..(#.#.#......### #.#...#
# #..(#.#†###..### #.###.# #
#...#.#.###..# ##....# #
#............### ####.# #
#..####........# #.# # ##..#
#.####.#.# #.#


Turn 1268 on D:4: it's very distant EVERYWHERE ≈.......≈.# ####.≈ ..#
########.≈# .≈≈≈≈ #≈≈# #.≈# ≈≈≈≈## .≈≈≈# #..# #.≈.##.≈≈##. ########..#
#≈≈≈#≈...≈≈ .≈.≈≈...≈.# #≈.≈.≈≈..≈ ....†...≈≈# ##≈≈.≈...# ###########
##..≈≈≈.### # ##@.≈.≈.≈≈# # #..†≈###≈..# ## ##.≈.## #≈≈≈# ≈### ###≈..## #≈≈#
...#########≈.≈.≈# ≈S# .≈....≈.≈≈.≈.≈≈≈## ## ##≈≈..≈.†...≈#### #############
Turn 1481 on Sewer: you can change weapons while berserk? ..###..## ........#
##### ........# ..... ..####### ...... #'#.....# ...... ..#.....#######+##......
..#....................# #'#.................# ..<.#'##........@..###
....#..'................ ....#..#.........#.).).# ....#..#######'.##.._..#
....#..# ....# ).).# ....##'# #........... #####...# #......###.. ...#....#
#....(..# .. ...#....# ####+#... Turn 1805 on D:5: hm #......##.#### #......#...
#......#...# #.....>##+## #.......# #.......# #.......# #.......# #@......#
######### Turn 1955 on D:5: elec war axe, cool .. ..#.....##.......# ..
.......##.......# #..............# #.............# . #.............# #.##
#............)# .C...###..####..##...# .......#..####'###...#
.......@..#......#...# ..........#......#...# ..........#......#...#
..........#.....###### ..........#.....# ################# Turn 3272 on D:7: >

Levels and vault maps discovered:
D:1:      dpeg_arrival_lava_temple_mockup, layout_basic,
          amcnicky_mini_pool_small
D:2:      layout_loops_corners
D:3:      layout_loops_corners, dreamdust_ecumenical_altar_hidden_monk_grotto
D:4:      layout_loops_ring, portal_sewer_entry_e, minivault_27
D:5:      layout_gridville, okawaru_ov_weapons_minmay,
          minmay_temple_entry_stoned_glass
D:6:      layout_loops_cross, led_sif_book, kennysheep_generic_room_14
D:7:      minmay_flawed_box, layout_gridville, mainiacjoe_overflow_chevrons

Skill      XL: |  1  2  3  4  5  6  7  8 |
---------------+-------------------------+-----
Unarmed Combat | 4 5 |  5.1
Fighting       | 4 5 6 7 |  7.0
Dodging        | 4 |  4.0
Long Blades    | 2 6 |  6.5
Stealth        | |  1.5

Action                   |  1- 3 |  4- 6 |  7- 9 || total
-------------------------+-------+-------+-------++-------
Melee: Unarmed           |    19 |       |       ||    19
       Rapier            |     9 |       |       ||     9
       Dagger            |    33 |    59 |   114 ||   206
       Punch             |     1 |     4 |     9 ||    14
       Whip              |       |    47 |    79 ||   126
 Fire: Hunting sling     |       |    25 |    33 ||    58
Throw: Stone             |    41 |    25 |     8 ||    74
Invok: Heroism           |       |       |     3 ||     3
  Use: Potion            |     1 |     3 |     1 ||     5
       Scroll            |       |     5 |     2 ||     7
 Stab: Sleeping          |     1 |       |     1 ||     2
       Distracted        |       |     1 |       ||     1
Armor: Ring mail         |    14 |    40 |    46 ||   100
Dodge: Dodged            |    27 |    64 |    89 ||   180

Table legend: (Time is in decaauts)
 A = Elapsed time spent in this place.
 B = Non-inter-level travel time spent in this place.
 C = Inter-level travel time spent in this place.
 D = Time resting spent in this place.
 E = Time spent auto-exploring this place.
 F = Levels seen in this place.
 G = Mean time per level.
                   A        B        C        D        E       F      G
               +--------+--------+--------+--------+--------+-----+--------+
         Total |   3413 |   3237 |    176 |      0 |      0 |   8 |  426.6 |
       Dungeon |   3203 |   3027 |    176 |      0 |      0 |   7 |  457.6 |
         Sewer |    210 |    210 |      0 |      0 |      0 |   1 |  210.0 |
               +--------+--------+--------+--------+--------+-----+--------+

Top non-repeatable levels by time:
     D:6: 1032 daAuts
     D:4: 602 daAuts
     D:1: 498 daAuts
     D:5: 433 daAuts
     D:7: 266 daAuts
   Sewer: 210 daAuts
     D:2: 207 daAuts
     D:3: 161 daAuts
